 Dungeon Crawl Stone Soup version 0.22-a0-542-gce4f928 (webtiles) character file.

112 iamserjio the Stinger (level 4, -3/27 HPs)
             Began as an Octopode Wanderer on June 24, 2018.
             Slain by a gnoll
             ... wielding a +0 whip
              (5 damage)
             ... on level 3 of the Dungeon.
             The game lasted 00:05:50 (2455 turns).

iamserjio the Stinger (Octopode Wanderer)           Turns: 2455, Time: 00:05:51

Health: -3/27      AC:  1    Str: 10    XL:     4   Next: 93%
Magic:  7/7        EV: 13    Int: 17    God:
Gold:   167        SH:  0    Dex: 10    Spells: 3/8 levels left

rFire    . . .     SeeInvis .   f - +0 spear
rCold    . . .     Gourm    .   (no shield)
rNeg     . . .     Faith    .   (helmet restricted)
rPois    .         Spirit   .   (no amulet)
rElec    .         Reflect  .   (no ring)
rCorr    .         Harm     .   (no ring)
MR       .....                  (no ring)
Stlth    +++.......             (no ring)
HPRegen  0.09/turn              (no ring)
MPRegen  0.10/turn              (no ring)
                                (no ring)
                                (no ring)

@: no status effects
A: almost no armour, stealthy swim, amphibious, 8 rings, constrict 8, camouflage
1, gelatinous body 1
a: no special abilities


You were on level 3 of the Dungeon.
You were hungry.

You visited 1 branch of the dungeon, and saw 3 of its levels.

You collected 167 gold pieces.

Inventory:

Hand Weapons
 a - a +0 dagger
 c - a +0 club
 f - a +0 spear (weapon)
 j - a +0 short sword
 p - a cursed -3 long sword
Missiles
 l - 61 stones (quivered)
Jewellery
 o - a cursed ring of positive energy {unknown}
Wands
 m - a wand of flame (25)
Scrolls
 b - 3 scrolls of random uselessness {unknown}
 k - 2 scrolls of magic mapping {unknown}
 n - 2 scrolls of enchant weapon {unknown}
 q - a scroll of fear {unknown}
Potions
 e - a potion of might {unknown}
 g - a potion of curing {unknown}
 h - a potion of lignification {unknown}
 i - 2 potions of degeneration {unknown}
 r - a potion of heal wounds {unknown}
Comestibles
 d - 6 rations


   Skills:
 + Level 0.2 Fighting
 * Level 0.1 Long Blades
 - Level 1.0 Throwing
 + Level 2.6 Dodging
 + Level 2.9 Stealth
 + Level 2.5 Spellcasting
 + Level 0.8 Conjurations
   Level 2.0 Necromancy
 - Level 1.0 Translocations
 - Level 1.0 Air Magic
 + Level 3.9 Poison Magic


You had 3 spell levels left.
You knew the following spells:

 Your Spells              Type           Power        Failure   Level  Hunger
a - Blink                 Tloc           N/A          19%         2    ##.....
b - Mephitic Cloud        Conj/Pois/Air  #.......     26%         3    ###....

Your spell library contained the following spells:

 Spells                   Type           Power        Failure   Level  Hunger
 Bolt of Cold             Conj/Ice       #.........   100%        6    #######
 Freezing Cloud           Conj/Ice/Air   #.........   100%        6    #######
 Venom Bolt               Conj/Pois      ##........   88%         5    ######.
 Olgreb's Toxic Radiance  Pois           ###.....     36%         4    #####..
 Ozocubu's Refrigeration  Ice            #.........   100%        6    #######
 Sting                    Conj/Pois      ##..         7%          1    #......
 Ice Form                 Ice/Tmut       #.......     88%         4    #####..
 Metabolic Englaciation   Hex/Ice        #.........   99%         5    ######.
 Simulacrum               Ice/Necr       #.........   100%        6    #######
 Shroud of Golubria       Chrm/Tloc      #.........   22%         2    ##.....
 Poisonous Vapours        Pois/Air       ##....       10%         2    ##.....


Dungeon Overview and Level Annotations

Branches:
Dungeon (3/15)

Altars:
Hepliaklqana
Qazlal
Xom


Innate Abilities, Weirdness & Mutations

You cannot wear most types of armour.
You are very stealthy in the water. (Stealth+)
You are amphibious.
You can wear up to eight rings at the same time.
You can use your tentacles to constrict eight enemies at once.
Your skin changes colour to match your surroundings (Stealth+).
Your rubbery body absorbs attacks. (AC +1, EV +1)


Message History

You kill the gnoll!
You start resting.
HP restored.
You see here 7 stones.
A gnoll comes into view. It is wielding a whip.
You see here a club.
A gnoll comes into view. It is wielding a halberd.
The gnoll shouts! x2
The gnoll hits you from afar with a halberd!
Ouch! That really hurt!
The gnoll hits you from afar with a halberd!
* * * LOW HITPOINT WARNING * * *
You are too injured to fight recklessly!
You are too injured to fight recklessly!
You are too injured to fight recklessly!
You are too injured to fight recklessly!
You see here a club.
You see here 7 stones.
The gnoll hits you with a whip.
You die...

##.#####.......##).....
...........#>######.###..
#.##.#######.## #.###.. #
##.##. #...# #.##... .. ...
#...# #.##... #.##.. #...#
#...... ##.....
#####...########.#.
.......####...........####.#.
#...g(gg@..............#.
#.#####...........######. #
#####...##### ##. #...# #..
#...# #.. #...# #.. ##.## ##.
#.# ###. #######.####### #...


You could see 3 gnolls.

Vanquished Creatures
  An adder (D:2)
  4 gnolls
  A worm (D:2)
  3 leopard geckos
  An orc (D:3)
  A ball python (D:1)
  2 giant cockroaches
  5 goblins
  11 hobgoblins
  2 jackals (D:1)
  8 bats
  4 frilled lizards
  8 kobolds
  4 rats (D:1)
55 creatures vanquished.

Notes
Turn   | Place    | Note
-------+----------+-------------------------------------------
     0 | D:1      | iamserjio the Octopode Wanderer began the quest for the Orb.
     0 | D:1      | iamserjio set off with: a +0 club, a ration
     0 | D:1      | Reached XP level 1. HP: 11/11 MP: 3/3
   384 | D:1      | Reached skill level 1 in Dodging
   386 | D:1      | Reached XP level 2. HP: 7/17 MP: 5/5
   847 | D:1      | Reached XP level 3. HP: 15/21 MP: 6/6
  1088 | D:2      | Learned a level 2 spell: Blink
  1092 | D:2      | Learned a level 3 spell: Mephitic Cloud
  1327 | D:2      | Found a stormy altar of Qazlal.
  1425 | D:2      | Reached XP level 4. HP: 16/27 MP: 7/7
  1731 | D:2      | Found a hazy altar of Hepliaklqana.
  1732 | D:2      | Found a shimmering altar of Xom.
  1732 | D:2      | Noticed a tentacled monstrosity
  1733 | D:2      | Noticed a spectral ugly thing
  1733 | D:2      | Noticed a tentacled monstrosity
  2279 | D:3      | Reached skill level 1 in Air Magic
  2450 | D:3      | HP: 1/27 [gnoll/halberd (12)]
  2455 | D:3      | Slain by a gnoll

Vault maps used:
D:1:      dpeg_arrival_radiant
D:2:      regret_index_temple_of_mockery, kennysheep_doodads,
          grunt_qazlal_clouds
D:3:      first_ration, fedhas_altar_fruit_tree

Skill      XL: |  1  2  3  4 |
---------------+-------------+-----
Dodging        | 1 2 |  2.6
Stealth        | 2 |  2.9
Air Magic      | 1 |  1.0
Fighting       | |  0.2
Long Blades    | |  0.1
Throwing       | |  1.0
Spellcasting   | |  2.5
Conjurations   | |  0.8
Necromancy     | |  2.0
Translocations | |  1.0
Poison Magic   | |  3.9

Action                   |  1- 3 |  4- 6 || total
-------------------------+-------+-------++-------
Melee: Dagger            |    19 |       ||    19
       Club              |    10 |       ||    10
       Constrict         |    26 |    10 ||    36
       Tentacles         |    13 |     6 ||    19
       Spear             |    61 |    50 ||   111
 Stab: Sleeping          |     4 |     9 ||    13
       Distracted        |     1 |       ||     1
  Eat: Chunk             |     1 |     3 ||     4
Armor: Skin              |     5 |       ||     5
Dodge: Dodged            |    55 |    24 ||    79

Table legend:
 A = Spawn XP
 B = Non-spawn XP
 C = Spawn XP percentage of total XP
 D = Spawn monster count
 E = Non-spawn monster count
 F = Spawn count percentage of total count
 G = Total turns spent on level
                    A         B        C        D         E        F      G
               +---------+---------+-------+---------+---------+-------+---------
         Total |       0 |     160 |   0.0 |       0 |      55 |   0.0 |  2455
               +---------+---------+-------+---------+---------+-------+---------
           D:1 |       0 |      40 |   0.0 |       0 |      25 |   0.0 |  1211
           D:2 |       0 |      84 |   0.0 |       0 |      17 |   0.0 |   852
           D:3 |       0 |      36 |   0.0 |       0 |      13 |   0.0 |   392
               +---------+---------+-------+---------+---------+-------+---------
